 Dungeon Crawl Stone Soup version 0.18.1-48-g4cf74bf (webtiles) character file.

632 Alarkh the Shooter (level 7, -2/50 HPs)
             Began as a Mummy Hunter on Sept 4, 2016.
             Was a Follower of Okawaru.
             Slain by a gnoll (9 damage)
             ... on level 4 of the Dungeon.
             The game lasted 00:05:46 (3404 turns).

Alarkh the Shooter (Mummy Hunter)                   Turns: 3404, Time: 00:05:47

Health: -2/50      AC:  7    Str: 16    XL:     7   Next: 24%
Magic:  7/7        EV:  7    Int: 12    God:    Okawaru [*.....]
Gold:   18         SH:  0    Dex: 12    Spells: 0 memorised, 6 levels left

rFire  x . .     SeeInvis .     a - +4 shortbow
rCold  + . .     Gourm    .     h - +2 robe {MR+}
rNeg   + + +     Faith    .     (shield currently unavailable)
rPois  ∞         Spirit   .     (no helmet)
rElec  .         Dismiss  .     m - +1 cloak
rCorr  .         Reflect  .     g - +0 pair of gloves
SustAt .         Harm     .     (no boots)
MR     +....                    (no amulet)
Stlth  +.........               (no ring)
                                n - ring of flight

@: somewhat resistant to hostile enchantments, very unstealthy
A: no food or potions, fire vulnerability, cold resistance 1, negative energy
resistance 3, torment resistance, unbreathing
a: Heroism, Renounce Religion, Evoke Flight


You were on level 4 of the Dungeon.
You worshipped Okawaru.
Okawaru was aware of your devotion.
You were not hungry.

You visited 2 branches of the dungeon, and saw 6 of its levels.

You collected 180 gold pieces.
You spent 162 gold pieces at shops.

Inventory:

Hand Weapons
 a - a +4 shortbow (weapon)
 b - a +0 short sword
Missiles
 d - 2 arrows (quivered)
Armour
 c - a +0 leather armour
 g - a +0 pair of gloves (worn)
 h - a +2 robe of magic resistance (worn)
 m - a +1 cloak (worn)
Jewellery
 n - a ring of flight (left hand)
Wands
 k - a wand of flame (10/48)
Scrolls
 e - 2 scrolls of remove curse
 f - a scroll of enchant armour
 i - a scroll of magic mapping
 j - a scroll of teleportation
 l - 2 scrolls of identify


   Skills:
 - Level 2.0 Fighting
 + Level 7.4 Bows
 - Level 1.5 Dodging
 - Level 0.7 Stealth


You had 6 spell levels left.
You didn't know any spells.

Dungeon Overview and Level Annotations

Branches:
Dungeon (5/15)             Temple (1/1) D:4

Altars:
Fedhas
Okawaru
Pakellas
Ru
Sif Muna
Xom

Shops:
D:4 (?!}%


Innate Abilities, Weirdness & Mutations

You do not eat or drink.
Your flesh is vulnerable to fire.
You are immune to poison.
Your flesh is cold resistant.
You are immune to negative energy.
You are immune to unholy pain and torment.
You can survive without breathing.


Message History

The orc shouts!
The gnoll throws a throwing net.
The throwing net hits you.
You become entangled in the net!
You see here a throwing net.
You struggle against the net.
You try to slip out of the net.
You tear a large gash into the net.
The gnoll completely misses you.
You shred the net and break free! The gnoll hits you.
* * * LOW HITPOINT WARNING * * *
The gnoll barely misses you.
There is a stone staircase leading up here.
The gnoll hits you!
* * * LOW HITPOINT WARNING * * *
You climb upwards.
There is a stone staircase leading down here.
There is a stone staircase leading up here.
There is a stone staircase leading down here.
There is a stone staircase leading up here.
The gnoll hits you!
You die...

# #.#.##..#####.#.# #.##%......
###.#.##..#####...# #.##....##.
......##..##......# #........#.
###.####..##.#....#####....>...##
# #.####..##.#.................##
#....................##).......
##########...#.##..####....####
###.g.....####.#.##
#.#@.........#.# #g####>.######.#
#.........# ##.# #.###.....# #..#
####.# #.....# #.## #(...#
#>....# #.# #.#### #.....# #.#
#.# ####### #.### #.# #...#


You could see a gnoll.

Vanquished Creatures
  Sigmund (D:5)
  An ogre (D:4)
  Blork the orc (D:4)
  A giant frog (D:3)
  A giant frog zombie (D:4)
  An orc wizard (D:4)
  2 worker ants
  A hound skeleton (D:4)
  A gnoll (D:5)
  5 adders
  2 oozes (D:3)
  An adder skeleton (D:4)
  2 worms
  2 dart slugs
  5 orcs
  6 giant cockroaches
  9 goblins
  6 hobgoblins
  7 jackals
  6 kobolds
  A quokka (D:3)
  A ball python (D:1)
  10 bats
  6 giant newts
  10 rats
89 creatures vanquished.

Vanquished Creatures (others)
  A quokka (D:5)
1 creature vanquished.

Grand Total: 90 creatures vanquished

Notes
Turn   | Place    | Note
--------------------------------------------------------------
     0 | D:1      | Alarkh the Mummy Hunter began the quest for the Orb.
     0 | D:1      | Reached XP level 1. HP: 16/16 MP: 1/1
   164 | D:1      | Reached XP level 2. HP: 12/22 MP: 2/2
   324 | D:1      | Reached skill level 4 in Bows
   584 | D:1      | Reached XP level 3. HP: 20/27 MP: 3/3
  1503 | D:2      | Reached XP level 4. HP: 33/33 MP: 4/4
  1941 | D:3      | Noticed a giant frog
  1945 | D:3      | Killed a giant frog
  1945 | D:3      | Reached skill level 5 in Bows
  1945 | D:3      | Reached XP level 5. HP: 38/38 MP: 5/5
  2503 | D:4      | Found a staircase to the Ecumenical Temple.
  2510 | Temple   | Entered the Ecumenical Temple
  2594 | Temple   | Became a worshipper of Warmaster Okawaru
  2655 | D:4      | Found Faipnomp's Food Boutique.
  2681 | D:4      | Noticed an ogre
  2695 | D:4      | Killed an ogre
  2695 | D:4      | Reached skill level 6 in Bows
  2695 | D:4      | Reached XP level 6. HP: 44/44 MP: 6/6
  2704 | D:4      | Found Vaf Taonu's Distillery.
  2751 | D:4      | Found Rileret's Weapon Emporium.
  2778 | D:4      | Found Denkut's Magic Scroll Emporium.
  2783 | D:4      | Bought a scroll of enchant weapon for 97 gold pieces
  2783 | D:4      | Bought a scroll of identify for 26 gold pieces
  2786 | D:4      | Bought a scroll of teleportation for 39 gold pieces
  2885 | D:4      | Noticed Blork the orc
  2895 | D:4      | Killed Blork the orc
  2895 | D:4      | Reached * piety under Okawaru
  3169 | D:4      | Found Conn's Gadget Emporium.
  3240 | D:5      | Entered Level 5 of the Dungeon
  3316 | D:5      | Noticed Sigmund
  3345 | D:5      | Killed Sigmund
  3345 | D:5      | Reached skill level 7 in Bows
  3345 | D:5      | Reached XP level 7. HP: 7/50 MP: 7/7
  3404 | D:4      | Slain by a gnoll

Skill      XL: |  1  2  3  4  5  6 |
---------------+-------------------+-----
Bows           | 4 5 6 7 |  7.4
Fighting       | |  2.0
Dodging        | |  1.5
Stealth        | |  0.7

Action                   |  1- 3 |  4- 6 |  7- 9 || total
-------------------------+-------+-------+-------++-------
Melee: Short sword       |   118 |       |       ||   118
 Fire: Shortbow          |    56 |   146 |       ||   202
Evoke: Wand              |       |     4 |       ||     4
  Use: Scroll            |       |     6 |       ||     6
 Stab: Sleeping          |     2 |       |       ||     2
Armor: Leather armour    |    33 |       |       ||    33
       Robe              |    13 |    14 |       ||    27
Dodge: Dodged            |   109 |    36 |     2 ||   147
